 Dungeon Crawl Stone Soup version 0.30.1-4-g462c640d31 (webtiles) character file.

Game seed: 15373852769392289728

20 Cheops the Conjurer (level 2, 0/15 HPs)
             Began as a Deep Elf Conjurer on Aug 28, 2023.
             Killed from afar by Natasha (9 damage)
             ... with a puff of flame
             ... on level 2 of the Dungeon.
             The game lasted 00:01:32 (1251 turns).

Cheops the Conjurer (Deep Elf Conjurer)             Turns: 1251, Time: 00:01:32

Health: 0/15       AC:  3    Str:  4    XL:     2   Next: 58%
Magic:  8/17       EV: 12    Int: 22    God:
Gold:   44         SH:  0    Dex: 13    Spells: 7/8 levels left

rFire   . . .        (no weapon)
rCold   . . .        (no shield)
rNeg    . . .        a - +0 robe
rPois   .            (no helmet)
rElec   .            (no cloak)
rCorr   .            (no gloves)
SInv    .            i - +0 pair of boots
Will    .....        (no amulet)
Stlth   ++           d - ring of magical power
HPRegen 0.22/turn    (no ring)
MPRegen 0.15/turn

%: no passive effects
@: no status effects
A: no striking features
a: no special abilities


You were on level 2 of the Dungeon.
You visited 1 branch of the dungeon, and saw 2 of its levels.

You collected 44 gold pieces.

Inventory:

Armour
 a - a +0 robe (worn)
 i - a +0 pair of boots (worn)
Jewellery
 d - a ring of magical power (left hand)
Scrolls
 c - a scroll of amnesia {unknown}
 g - a scroll of teleportation {unknown}
Potions
 b - a potion of magic
 e - a potion of degeneration {unknown}
 f - a potion of lignification {unknown}
 h - a potion of resistance {unknown}


   Skills:
 - Level 2.4 Dodging
 - Level 2.4 Stealth
 + Level 3.6 Spellcasting
 - Level 5.0 Conjurations


You had 7 spell levels left.
You knew the following spells:

 Your Spells              Type           Power      Damage    Failure   Level
a - Magic Dart            Conj           100%       1d8       1%          1

Your spell library contained the following spells:

 Spells                   Type           Power      Damage    Failure   Level
 Searing Ray              Conj           50%        2d6       2%          2
 Dazzling Flash           Conj/Hex       28%        N/A       13%         3
 Fulminant Prism          Conj/Hex       7%         3d7       38%         4
 Iskenderun's Mystic Bla  Conj/Tloc      14%        2d5       38%         4


Dungeon Overview and Level Annotations

Branches:
Dungeon (2/15)

Altars:

Annotations:
D:1 dig
D:2 Natasha


Message History

Press: ? - help, Q - select action Shift-Dir - straight line, f/p - Natasha
Aim: Natasha, carrying a wand of flame (11) (heavily wounded, 100% to hit)
The magic dart hits the cerulean imp.
The cerulean imp is moderately wounded.
The cerulean imp hits you with a +2 spear.
Aiming: Magic Dart (safe; 1% risk of failure)
Press: ? - help, Q - select action Shift-Dir - straight line, f/p - Natasha
Aim: Natasha, carrying a wand of flame (11) (heavily wounded, 100% to hit)
The magic dart hits the cerulean imp.
The cerulean imp is heavily wounded.
The cerulean imp hits you but does no damage.
Aiming: Magic Dart (safe; 1% risk of failure)
Press: ? - help, Q - select action Shift-Dir - straight line, f/p - Natasha
Aim: Natasha, carrying a wand of flame (11) (heavily wounded, 100% to hit)
The magic dart hits the cerulean imp.
The cerulean imp is severely wounded.
The cerulean imp closely misses you.
Aiming: Magic Dart (safe; 1% risk of failure)
Press: ? - help, Q - select action Shift-Dir - straight line, f/p - Natasha
Aim: Natasha, carrying a wand of flame (11) (heavily wounded, 100% to hit)
The magic dart hits the cerulean imp!
You kill the cerulean imp!
The cerulean imp disappears in a puff of smoke!
Aiming: Magic Dart (safe; 1% risk of failure)
Press: ? - help, Q - select action Shift-Dir - straight line, f/p - Natasha
Aim: Natasha, carrying a wand of flame (11) (blue smoke, heavily wounded, 100% to hit)
The magic dart hits Natasha but does no damage.
Natasha is heavily wounded.
Natasha claws you.
* * * LOW HITPOINT WARNING * * *
Aiming: Magic Dart (safe; 1% risk of failure)
Press: ? - help, Q - select action Shift-Dir - straight line, f/p - Natasha
Aim: Natasha, carrying a wand of flame (11) (heavily wounded, 100% to hit)
The magic dart hits Natasha.
Natasha is severely wounded.
Natasha mumbles some strange words.
Natasha's front paws start to glow.
Natasha zaps a wand.
The puff of flame hits you!
Ouch! That really hurt!
You die...

##########...
#...)........
#.########...
#.# .. . #.#
.# ?..
#.#####?#....g
#.@hB55...#
#######.### .#
.# $# ##


You could see Natasha, 2 cerulean imps and a giant cockroach.

Vanquished Creatures
  4 endoplasms (D:1)
  A giant cockroach (D:1)
  3 goblins (D:1)
  A hobgoblin (D:1)
  2 ball pythons (D:1)
  2 bats (D:1)
  A frilled lizard (D:1)
  3 kobolds
  2 rats (D:1)
19 creatures vanquished.

Notes
Turn   | Place    | Note
-------+----------+-------------------------------------------
     0 | D:1      | Cheops the Deep Elf Conjurer began the quest for the Orb.
     0 | D:1      | Reached XP level 1. HP: 10/10 MP: 6/6
   171 | D:1      | Found Douryeda's Antique Weapon Shoppe.
   303 | D:1      | Reached XP level 2. HP: 15/15 MP: 6/8
   622 | D:1      | Found a faded altar of an unknown god.
   693 | D:1      | Reached skill level 5 in Conjurations
  1238 | D:2      | Noticed Natasha
  1251 | D:2      | Killed from afar by Natasha

Illustrated notes

Levels and vault maps discovered:
D:1:      amcnicky_arrival_gap_in_the_tavern_cellar, layout_basic,
          shapermc_ecumenical_altar_acropolis, serial_shops,
          nicolae_shop_rolling_square, minivault_24,
          dreamdust_mushroom_princess, hangedman_decor_push,
          ebering_dispersal_statue_hall, due_unseen_surprise
D:2:      layout_basic, minmay_tetromino_t4, uniq_natasha, uniq_jessica

Skill      XL: |  1  2 |
---------------+-------+-----
Conjurations   | 5 |  5.0
Dodging        | |  2.4
Stealth        | |  2.4
Spellcasting   | |  3.6

Action                     || total
---------------------------++-------
   Cast: Magic Dart        ||    35
 Armour: Robe              ||     1
  Dodge: Dodged            ||     2
